 Dungeon Crawl Stone Soup version 0.27.1 (webtiles) character file.

Game seed: 12305405374826955633

1017 bnorton916 the Conjurer (level 8, -8/41 HPs)
             Began as a Deep Elf Conjurer on Sept 3, 2021.
             Was an Initiate of Gozag.
             Mangled by a gnoll sergeant (19 damage)
             ... on level 5 of the Dungeon.
             The game lasted 00:07:41 (6124 turns).

bnorton916 the Conjurer (Deep Elf Conjurer)         Turns: 6124, Time: 00:07:42

Health: -8/41      AC:  2    Str:  4    XL:     8   Next: 2%
Magic:  6/19       EV: 12    Int: 26    God:    Gozag
Gold:   447        SH:  0    Dex: 13    Spells: 6/19 levels left

rFire    . . .     SeeInvis .   (no weapon)
rCold    . . .     Faith    .   (no shield)
rNeg     . . .     Spirit   .   a - +0 robe
rPois    .         Reflect  .   (no helmet)
rElec    .         Harm     .   (no cloak)
rCorr    .         Rampage  .   (no gloves)
Will     .....                  (no boots)
Stlth    ++........             (no amulet)
HPRegen  0.13/turn              (no ring)
MPRegen  0.16/turn              (no ring)

@: gold aura
A: no striking features
a: Renounce Religion, Potion Petition, Call Merchant, Bribe Branch


You were on level 5 of the Dungeon.
You worshipped Gozag.
Gozag was aware of your devotion.
You visited 1 branch of the dungeon, and saw 5 of its levels.

You collected 479 gold pieces.
You paid 32 gold pieces to Gozag.

Inventory:

Missiles
 f - 159 stones
Armour
 a - a +0 robe (worn)
 m - a +0 buckler
Magical Staves
 s - a staff of death
Wands
 r - a wand of mindburst (18)
Scrolls
 b - a scroll of summoning {unknown}
 c - a scroll of brand weapon {unknown}
 g - 2 scrolls of teleportation {unknown}
 h - a scroll of holy word {unknown}
 i - a scroll of acquirement {unknown}
 j - a scroll of immolation {unknown}
 k - 2 scrolls of vulnerability {unknown}
 o - a scroll of enchant weapon {unknown}
 t - a scroll of enchant armour {unknown}
Potions
 d - a potion of flight
 e - a potion of invisibility {unknown}
 l - a potion of brilliance {unknown}
 n - a potion of mutation {unknown}
 p - 2 potions of curing
 q - 3 potions of heal wounds


   Skills:
 - Level 2.4 Dodging
 - Level 2.4 Stealth
 - Level 6.0 Spellcasting
 - Level 6.2 Conjurations
 + Level 5.8 Hexes
 + Level 5.0 Translocations
 - Level 2.0 Air Magic
 - Level 2.0 Poison Magic


You had 6 spell levels left.
You knew the following spells:

 Your Spells              Type           Power      Damage    Failure   Level
a - Magic Dart            Conj           100%       1d8       1%          1
b - Searing Ray           Conj           80%        3d6       1%          2
c - Fulminant Prism       Conj/Hex       19%        3d11      6%          4
d - Iskenderun's Mystic   Conj/Tloc      36%        2d9       7%          4
e - Poisonous Vapours     Pois/Air       36%        N/A       4%          2

Your spell library contained the following spells:

 Spells                   Type           Power      Damage    Failure   Level
 Static Discharge         Conj/Air       29%        N/A       1%          2
 Dazzling Flash           Conj/Hex       78%        N/A       1%          3
 Corpse Rot               Necr/Air       N/A        N/A       7%          2
 Lightning Bolt           Conj/Air       14%        1d28      34%         5
 Freezing Cloud           Conj/Ice/Air   11%        6-21      54%         5
 Maxwell's Capacitive Co  Air            9%         ∞         100%        8


Dungeon Overview and Level Annotations

Branches:
Dungeon (5/15)
 Temple: D:4-7

Altars:
Cheibriados
Gozag

Shops:
D:1 (


Message History

You kill the gnoll!
The searing ray hits the gnoll sergeant!
The gnoll sergeant is moderately wounded.
Your Translocations skill increases to level 5!
The searing ray hits the gnoll sergeant.
The gnoll sergeant is moderately wounded.
The searing ray misses the gnoll sergeant.
You finish channeling your searing ray.
The gnoll sergeant hits you from afar with a +3 trident of protection.
The gnoll sergeant closely misses you.
Unknown command.
Casting: Searing Ray (safe; 1% risk of failure)
Confirm with . or Enter, or press ? or * to list all spells.
Aiming: Searing Ray (safe; 1% risk of failure)
Press: ? - help, Shift-Dir - straight line, f - gnoll sergeant
Aim: a gnoll sergeant, wielding a +3 trident of protection, wearing a +0 ring mail and wearing a +0 buckler (moderately wounded, 87% to hit)
The searing ray hits the gnoll sergeant but does no damage.
The gnoll sergeant is moderately wounded. (Press . to maintain the ray.)
The gnoll sergeant closely misses you.
The searing ray hits the gnoll sergeant.
The gnoll sergeant is heavily wounded.
The gnoll sergeant barely misses you.
The searing ray misses the gnoll sergeant.
The gnoll sergeant hits you from afar with a +3 trident of protection!
The searing ray hits the gnoll sergeant.
The gnoll sergeant is heavily wounded.
You finish channeling your searing ray.
The gnoll sergeant hits you from afar with a +3 trident of protection!
* * * LOW HITPOINT WARNING * * *
Casting: Searing Ray (safe; 1% risk of failure)
Confirm with . or Enter, or press ? or * to list all spells.
Aiming: Poisonous Vapours (safe; 4% risk of failure)
Press: ? - help, Dir - move target, f/p - gnoll sergeant
Aim: a gnoll sergeant, wielding a +3 trident of protection, wearing a +0 ring mail and wearing a +0 buckler (heavily wounded) Poisonous vapours surround the gnoll sergeant!
The gnoll sergeant is poisoned.
The gnoll sergeant hits you from afar with a +3 trident of protection!!
You die...
Your body crumbles into a pile of gold.

#.# #.#.# #.#.# #.#.# #.
#.#.# #.##.#.####.# #.
#............ #.###
#..#@.g...... #.#..
#..#..###### . #.#.##
#.<#....#
#..##....###..##.#.#
........)........#.#
####
#####..)##...####.##...#
##)....#..###.#..#.#
#..##.##..#....##.#
#..##.###.....###.#


You could see a gnoll sergeant (poisoned).

Vanquished Creatures
  Sigmund (D:3)
  An ice beast (D:5)
  A necrophage (D:5)
  A phantom (D:4)
  A wyvern skeleton (D:5)
  6 killer bees (D:5)
  A centaur skeleton (D:5)
  2 hounds (D:4)
  An iguana (D:4)
  A killer bee zombie (D:5)
  4 gnolls (D:5)
  7 adders
  6 dart slugs
  An orc (D:4)
  3 endoplasms
  A giant cockroach (D:1)
  5 goblins
  9 hobgoblins
  6 kobolds
  3 quokkas
  8 ball pythons
  7 bats
  3 frilled lizards
  3 rats
82 creatures vanquished.

Notes
Turn   | Place    | Note
-------+----------+-------------------------------------------
     0 | D:1      | bnorton916 the Deep Elf Conjurer began the quest for the
                  | Orb.
     0 | D:1      | Reached XP level 1. HP: 10/10 MP: 6/6
   234 | D:1      | Found Boschaj's Weapon Emporium.
   439 | D:1      | Reached XP level 2. HP: 15/15 MP: 2/8
   505 | D:1      | Found a faded altar of an unknown god.
   516 | D:1      | Found a faded altar of an unknown god.
  1297 | D:2      | Reached skill level 5 in Conjurations
  1297 | D:2      | Reached XP level 3. HP: 19/19 MP: 8/10
  1300 | D:2      | Learned a level 2 spell: Searing Ray
  1769 | D:2      | Found a snail-covered altar of Cheibriados.
  1980 | D:3      | Noticed Sigmund
  1999 | D:3      | Found an opulent altar of Gozag.
  2009 | D:3      | Became a worshipper of Gozag Ym Sagoz the Greedy
  2145 | D:3      | Learned a level 2 spell: Poisonous Vapours
  2162 | D:3      | Killed Sigmund
  2163 | D:3      | Reached XP level 4. HP: 3/24 MP: 5/14
  2163 | D:3      | Reached XP level 5. HP: 4/28 MP: 5/15
  2175 | D:3      | Learned a level 4 spell: Fulminant Prism
  2180 | D:3      | Learned a level 4 spell: Iskenderun's Mystic Blast
  3816 | D:4      | Reached skill level 1 in Poison Magic
  3825 | D:4      | Reached skill level 1 in Hexes
  3825 | D:4      | Reached XP level 6. HP: 18/32 MP: 5/17
  4123 | D:4      | Reached skill level 1 in Translocations
  4223 | D:4      | Reached skill level 1 in Air Magic
  4925 | D:5      | Entered Level 5 of the Dungeon
  4925 | D:5      | Noticed an ice beast
  4928 | D:5      | Killed an ice beast
  4929 | D:5      | Reached XP level 7. HP: 32/36 MP: 13/18
  5764 | D:5      | Reached skill level 5 in Hexes
  6008 | D:5      | Reached XP level 8. HP: 41/41 MP: 7/19
  6117 | D:5      | Reached skill level 5 in Translocations
  6124 | D:5      | Mangled by a gnoll sergeant

Illustrated notes

Levels and vault maps discovered:
D:1:      minmay_arrival_widening_spiral_wide, layout_basic, serial_shops,
          nicolae_shop_statue_plus, hellmonk_ecumenical_altar_the_god_not_taken,
          bh_walls_and_bars
D:2:      layout_basic, basic_altar
D:3:      layout_basic, mainiacjoe_overflow_six_doors_small,
          serial_co_window_serial, co_window_paths_a,
          co_window_of_opportunity_a, co_window_paths_a, co_window_paths_a,
          co_window_corner_a, co_window_corner_a, co_window_corner_a,
          co_window_paths_a, co_window_corner_a, co_window_broadway_b,
          co_window_paths_c, co_window_2corner, co_window_paths_c,
          co_window_corner_cb, co_window_broadway_b, co_window_paths_c,
          uniq_sigmund
D:4:      layout_basic
D:5:      layout_loops_ring, grunt_decor_arrowhead, grunt_ministairs_10

Skill      XL: |  1  2  3  4  5  6  7  8 |
---------------+-------------------------+-----
Spellcasting   | 4 6 |  6.0
Conjurations   | 5 6 |  6.2
Poison Magic   | 1 2 |  2.0
Hexes          | 1 2 5 |  5.8
Translocations | 2 4 5 |  5.0
Air Magic      | 2 |  2.0
Dodging        | |  2.4
Stealth        | |  2.4

Action                   |  1- 3 |  4- 6 |  7- 9 || total
-------------------------+-------+-------+-------++-------
 Cast: Magic Dart        |    61 |    46 |    14 ||   121
       Poisonous Vapours |     2 |     8 |    10 ||    20
       Searing Ray       |     1 |     4 |    14 ||    19
       Iskenderun's Myst |       |       |     1 ||     1
  Use: Scroll            |       |       |     4 ||     4
Armor: Robe              |     1 |     2 |     2 ||     5
Dodge: Dodged            |     1 |     9 |    25 ||    35
